 Dungeon Crawl Stone Soup version 0.18.1-5-g4a78601 (webtiles) character file.

12 jacquesderrida the Charmwright (level 2, 0/22 HPs)
             Began as a Demonspawn Skald on May 14, 2016.
             Slain by an adder (3 damage)
             ... on level 2 of the Dungeon.
             The game lasted 00:00:44 (364 turns).

jacquesderrida the Charmwright (Demonspawn Skald)    Turns: 364, Time: 00:00:45

Health: 0/22       AC:  3    Str: 12    XL:     2   Next: 20%
Magic:  5/5        EV: 11    Int: 13    God:
Gold:   79         SH:  0    Dex: 12    Spells: 1 memorised, 4 levels left

rFire  . . .     SeeInvis .     a - +0 spear
rCold  . . .     Gourm    .     b - +0 leather armour
rNeg   . . .     Faith    .     (no shield)
rPois  .         Spirit   .     (no helmet)
rElec  .         Dismiss  .     (no cloak)
rCorr  +         Reflect  .     (no gloves)
SustAt .         Harm     .     (no boots)
MR     .....                    (no amulet)
Stlth  +.........               (no ring)
                                e - ring of resist corrosion

@: lethally poisoned (0 -> -15), not resistant to hostile enchantments, very
unstealthy
A: talons 1
a: no special abilities


You were on level 2 of the Dungeon.
You were not hungry.

You visited 1 branch of the dungeon, and saw 2 of its levels.

You collected 79 gold pieces.

Inventory:

Hand Weapons
 a - a +0 spear (weapon)
Armour
 b - a +0 leather armour (worn)
Jewellery
 e - a ring of resist corrosion (left hand)
Scrolls
 f - 2 scrolls of teleportation {unknown}
 h - a scroll of identify {unknown}
Potions
 g - a potion of beneficial mutation {unknown}
 i - a potion of might {unknown}
 j - a potion of heal wounds {unknown}
 k - a potion of berserk rage {unknown}
Books
 c - a book of Battle

   Spells                             Type                      Level
   a - Infusion                       Charms                       1
   b - Shroud of Golubria             Charms/Translocation         2
   c - Song of Slaying                Charms                       2
   d - Spectral Weapon                Hexes/Charms                 3
   e - Regeneration                   Charms/Necromancy            3
Comestibles
 d - 2 bread rations


   Skills:
 - Level 2.0 Fighting
 + Level 2.6 Polearms
 - Level 0.8 Armour
 - Level 0.8 Dodging
 - Level 2.0 Spellcasting
 - Level 2.6 Charms


You had 4 spell levels left.
You knew the following spells:

 Your Spells              Type           Power        Failure   Level  Hunger
a - Infusion              Chrm           #...         12%         1    ##.....


Dungeon Overview and Level Annotations

Branches:
Dungeon (2/15)

Altars:


Innate Abilities, Weirdness & Mutations

You have sharp toenails.


Message History

The adder closely misses you.
An adder is nearby!
You miss the adder. The adder barely misses you.
You barely miss the adder.
You feel sick. The adder bites you.
You are more poisoned.
The adder poisons you! The adder bites you.
You are more poisoned.
The adder poisons you!
You hit the adder. You claw the adder, but do no damage.
The adder is lightly wounded.
You feel sick. The adder bites you.
* * * LOW HITPOINT WARNING * * *
You are more poisoned.
The adder poisons you!
You are too injured to fight recklessly!
You miss the adder. Your kick misses the adder.
The adder is lightly wounded.
* * * LOW HITPOINT WARNING * * *
You feel sick. The adder bites you.
You die...

.#. .. ..
##..###..#.#
#..........##
.#...........##
..#........#.#...##
#..###.......#.#..#
#...#.....S.....%.
#........@...#
#........>...# ..
#..........#....
#......<.....#
#............# ##
#.........<..... #.
##.)......#..#...
####(##....†......##
..
#................##
.


You could see an adder.

Vanquished Creatures
  2 giant cockroaches (D:1)
  3 goblins
  A hobgoblin (D:1)
  2 bats (D:1)
  A giant newt (D:1)
  A kobold (D:1)
  3 rats (D:1)
13 creatures vanquished.

Vanquished Creatures (others)
  A kraken (D:1)
  2 ghouls (D:1)
  A draconian (D:1)
  An octopode (D:1)
  A gargoyle (D:1)
  An elf (D:1)
  A spriggan (D:1)
  A vampire (D:1)
  A human (D:1)
  An ogre (D:1)
  A kobold (D:1)
  11 tentacles (D:1)
  23 tentacle segments (D:1)
46 creatures vanquished.

Grand Total: 59 creatures vanquished

Notes
Turn   | Place    | Note
--------------------------------------------------------------
     0 | D:1      | jacquesderrida the Demonspawn Skald began the quest for the Orb.
     0 | D:1      | Reached XP level 1. HP: 16/16 MP: 3/3
     2 | D:1      | Noticed an ogre
     2 | D:1      | Noticed a draconian
     2 | D:1      | Noticed a spriggan
     2 | D:1      | Noticed a ghoul
     2 | D:1      | Noticed a ghoul
     2 | D:1      | Noticed a gargoyle
     2 | D:1      | Noticed a human
     2 | D:1      | Noticed a kraken
     2 | D:1      | Noticed an elf
     2 | D:1      | Noticed a minotaur
     2 | D:1      | Noticed a vampire
     2 | D:1      | Noticed a vampire
     2 | D:1      | Noticed a ghoul
     2 | D:1      | Noticed an octopode
     2 | D:1      | Noticed a draconian
     2 | D:1      | Killed a human
     5 | D:1      | Killed a gargoyle
     8 | D:1      | Killed a spriggan
     9 | D:1      | Killed an ogre
    10 | D:1      | Killed an octopode
    13 | D:1      | Killed a ghoul
    14 | D:1      | Killed an elf
    14 | D:1      | Killed a draconian
    16 | D:1      | Killed a ghoul
    19 | D:1      | Killed a vampire
    22 | D:1      | Killed a kraken
   150 | D:1      | Gained mutation: You have sharp toenails. [demonic ancestry]
   150 | D:1      | Reached XP level 2. HP: 17/22 MP: 5/5
   364 | D:2      | Slain by an adder

Skill      XL: |  1 |
---------------+----+-----
Polearms       | 2 |  2.6
Fighting       | |  2.0
Armour         | |  0.8
Dodging        | |  0.8
Spellcasting   | |  2.0
Charms         | |  2.6

Action                   || total
-------------------------++-------
Melee: Spear             ||    51
       Kick              ||     2
Armor: Leather armour    ||     6
Dodge: Dodged            ||    24
